 Dungeon Crawl Stone Soup version 0.30-a0-1157-g2cc9ac7196 (webtiles) character file.

Game seed: 1947240569930658939

67 CowFu the Chiller (level 3, -2/26 HPs)
             Began as a Demigod Ice Elementalist on Apr 25, 2023.
             Killed by nerve-wracking pain
             ... invoked by Grinder
              (9 damage)
             ... on level 3 of the Dungeon.
             The game lasted 00:02:17 (2329 turns).

CowFu the Chiller (Demigod Ice Elementalist)        Turns: 2329, Time: 00:02:17

Health: -2/26      AC:  5    Str:  9    XL:     3   Next: 72%
Magic:  4/8        EV: 12    Int: 21    God:
Gold:   141        SH:  0    Dex: 14    Spells: 4/5 levels left

rFire   + . .        m - staff of fire
rCold   . . .        (no shield)
rNeg    . . .        a - +0 robe
rPois   .            k - +0 helmet
rElec   .            (no cloak)
rCorr   .            i - +1 pair of gloves
SInv    .            (no boots)
Will    .....        (no amulet)
Stlth   ++           (no ring)
HPRegen 0.24/turn    (no ring)
MPRegen 0.11/turn

%: no passive effects
@: no status effects
A: high MP 1, forlorn, divine attributes
a: no special abilities


You were on level 3 of the Dungeon.
You visited 1 branch of the dungeon, and saw 3 of its levels.

You collected 141 gold pieces.

Inventory:

Hand Weapons
 c - a +1 dagger
Armour
 a - a +0 robe (worn)
 i - a +1 pair of gloves (worn)
 k - a +0 helmet (worn)
Magical Staves
 m - a staff of fire (weapon)
Potions
 b - a potion of magic
 j - a potion of invisibility {unknown}
 n - a potion of heal wounds {unknown}
 o - a potion of attraction {unknown}
 q - a potion of brilliance {unknown}
 r - a potion of haste {unknown}


   Skills:
 - Level 1.7 Dodging
 - Level 1.7 Stealth
 - Level 1.7 Spellcasting
 + Level 5.1 Ice Magic


You had 4 spell levels left.
You knew the following spells:

 Your Spells              Type           Power      Damage    Failure   Level
a - Freeze                Ice            92%        1d9       1%          1

Your spell library contained the following spells:

 Spells                   Type           Power      Damage    Failure   Level
 Frozen Ramparts          Ice            46%        1d7       5%          3
 Ozocubu's Armour         Ice            23%        N/A       5%          3
 Ensorcelled Hibernation  Hex/Ice        24%        N/A       8%          2
 Kiss of Death            Conj/Necr      4%         2d5       16%         1
 Confusing Touch          Hex            1%         N/A       41%         3
 Spider Form              Tmut/Pois      1%         N/A       41%         3
 Summon Ice Beast         Ice/Summ       12%        N/A       45%         4
 Anguish                  Hex/Necr       0%         N/A       83%         4
 Dispel Undead            Necr           1%         3d6       83%         4


Dungeon Overview and Level Annotations

Branches:
Dungeon (3/15)

Annotations:
D:3 Grinder


Innate Abilities, Weirdness & Mutations

You have an increased reservoir of magic. (+10% MP)
You shall have no god before yourself.
Your divine heritage dramatically boosts your attributes as you level up.


Message History

Grinder gestures at you.
You suddenly lose the ability to move!
The orc hits you but does no damage. Grinder gestures at you.
You resist with significant effort. The orc hits you but does no damage.
Grinder hits you but does no damage.
You can move again.
Casting: Freeze (safe; 1% risk of failure)
Confirm with . or Enter, or press ? or * to list all spells.
Aiming: Freeze (safe; 1% risk of failure)
Press: ? - help, Shift-Dir - straight line, f/p - Grinder
Aim: Grinder You freeze Grinder.
Grinder resists.
Grinder is lightly wounded.
The orc hits you but does no damage. Grinder barely misses you.
Casting: Freeze (safe; 1% risk of failure)
Confirm with . or Enter, or press ? or * to list all spells.
Aiming: Freeze (safe; 1% risk of failure)
Press: ? - help, Shift-Dir - straight line, f/p - Grinder
Aim: Grinder (lightly wounded)
You freeze Grinder.
Grinder resists.
Grinder is lightly wounded.
The orc hits you but does no damage. Grinder barely misses you.
Casting: Freeze (safe; 1% risk of failure)
Confirm with . or Enter, or press ? or * to list all spells.
Aiming: Freeze (safe; 1% risk of failure)
Press: ? - help, Shift-Dir - straight line, f/p - Grinder
Aim: Grinder (lightly wounded)
You freeze Grinder but do no damage.
Grinder completely resists.
The orc hits you but does no damage.
Grinder blinks!
Casting: Freeze (safe; 1% risk of failure)
Confirm with . or Enter, or press ? or * to list all spells.
Aiming: Freeze (safe; 1% risk of failure)
Press: ? - help, Shift-Dir - straight line, f/p - Grinder
Aim: Grinder (lightly wounded)
You freeze Grinder but do no damage.
Grinder completely resists.
The orc barely misses you. Grinder gestures at you.
Pain shoots through your body!
You die...

#,* #.#*.#,# **,
#[# #.#*,#,* *,,
#.# #.#*,*,* *,,
#.###.#*,*,*****,*
#.#...#*,,,,,,<,,,
#.#.###*,,,*****,*
#.#.#**#,..* *,*
#5#.#*.#...* **,*
#@#.#......* *,,,
#o#J...)...* *,,,
#o.........****,**
###......!.,,,,,,*
#.#o..###****,,*
#.##.## *,,*
#.#*.#*******,,,
#..,..,>,,,,,,,,
###*,##*****,***


You could see Grinder and 2 orcs.

Vanquished Creatures
  An adder (D:2)
  4 dart slugs
  4 endoplasms
  A giant cockroach (D:1)
  3 hobgoblins
  3 jackals (D:2)
  6 kobolds
  3 quokkas
  8 ball pythons
  6 bats
  2 frilled lizards
  3 goblins
  6 rats
50 creatures vanquished.

Notes
Turn   | Place    | Note
-------+----------+-------------------------------------------
     0 | D:1      | CowFu the Demigod Ice Elementalist began the quest for the
                  | Orb.
     0 | D:1      | Reached XP level 1. HP: 14/14 MP: 5/5
   232 | D:1      | Reached skill level 4 in Ice Magic
   324 | D:1      | Reached XP level 2. HP: 20/20 MP: 5/7
  1275 | D:2      | Reached XP level 3. HP: 15/26 MP: 5/8
  1622 | D:2      | Reached skill level 5 in Ice Magic
  2312 | D:3      | Noticed Grinder
  2314 | D:3      | Paralysed by Grinder for 5 turns
  2317 | D:3      | HP: 1/26 [Grinder (5)]
  2323 | D:3      | Paralysed by Grinder for 3 turns
  2329 | D:3      | Killed from afar by Grinder

Illustrated notes

Levels and vault maps discovered:
D:1:      lemuel_arrival_tunnels, layout_basic
D:2:      layout_basic, basic_altar, chequers_ecumenical_altar_simple,
          minivault_24, grunt_ministairs_10, dreamdust_wishing_well, st_stairs_4
D:3:      layout_loops_ring, zin_angel, uniq_grinder, uniq_robin

Skill      XL: |  1  2  3 |
---------------+----------+-----
Ice Magic      | 4 5 |  5.1
Dodging        | |  1.7
Stealth        | |  1.7
Spellcasting   | |  1.7

Action                     || total
---------------------------++-------
  Melee: Dagger            ||     9
         Punch             ||     1
         Staff             ||    11
   Cast: Freeze            ||    78
    Use: Scroll            ||     5
         Potion            ||     1
 Armour: Robe              ||    22
  Dodge: Dodged            ||    61

Table legend: (Time is in decaauts)
 A = Elapsed time spent in this place.
 B = Non-inter-level travel time spent in this place.
 C = Inter-level travel time spent in this place.
 D = Time resting spent in this place.
 E = Time spent auto-exploring this place.
 F = Levels seen in this place.
 G = Mean time per level.
                   A        B        C        D        E       F      G
               +--------+--------+--------+--------+--------+-----+--------+
         Total |   2329 |   2283 |     46 |      0 |   1936 |   3 |  776.3 |
       Dungeon |   2329 |   2283 |     46 |      0 |   1936 |   3 |  776.3 |
               +--------+--------+--------+--------+--------+-----+--------+

Top non-repeatable levels by time:
     D:1: 1269 daAuts
     D:2: 949 daAuts
     D:3: 110 daAuts
